 Dungeon Crawl Stone Soup version 0.23-a0-130-g0e7800e (console) character file.

578 nht the Ruffian (level 7, -1/52 HPs)
             Began as a Demonspawn Chaos Knight on Aug 27, 2018.
             Slain by an orc wizard
             ... wielding a +0 dagger
              (4 damage)
             ... on level 4 of the Dungeon.
             The game lasted 00:05:35 (2906 turns).

nht the Ruffian (Demonspawn Chaos Knight)           Turns: 2906, Time: 00:05:36

Health: -1/52      AC:  6    Str: 18    XL:     7   Next: 13%
Magic:  7/7        EV: 11    Int: 15    God:    Xom [.*....]
Gold:   93         SH:  0    Dex: 12    Spells: 6/6 levels left

rFire    + + .     SeeInvis .     - Unarmed
rCold    + . .     Gourm    .   (no shield)
rNeg     . . .     Faith    .   a - +2 leather armour
rPois    +         Spirit   .   (helmet restricted)
rElec    +         Reflect  .   (no cloak)
rCorr    +         Harm     .   (no gloves)
MR       .....                  l - +0 pair of boots
Stlth    ++........             (no amulet)
HPRegen  0.17/turn              (no ring)
MPRegen  0.10/turn              (no ring)

@: confused, mighty, resistant
A: horns 1, fire resistance 1, nightstalker 1
a: Renounce Religion


You were on level 4 of the Dungeon.
You worshipped Xom.
You were a plaything of Xom.
You were not hungry.

You visited 1 branch of the dungeon, and saw 4 of its levels.

You collected 93 gold pieces.

Inventory:

Armour
 a - a +2 leather armour (worn)
 f - a +0 leather armour of fire resistance
 l - a +0 pair of boots (worn)
Scrolls
 d - 3 scrolls of identify
 e - a scroll of enchant weapon {unknown}
 g - a scroll of immolation {unknown}
 i - a scroll of fog {unknown}
 k - a scroll of enchant armour {unknown}
Comestibles
 b - 7 rations
 c - 4 chunks of flesh


   Skills:
 - Level 3.0 Fighting
 - Level 1.7 Armour
 - Level 0.8 Dodging
 + Level 7.5 Unarmed Combat


You had 6 spell levels left.
You didn't know any spells.
Your spell library was empty.

Dungeon Overview and Level Annotations

Branches:
Dungeon (4/15)
 Temple: D:4-7

Altars:

Annotations:
D:4 biddum's ghost, amateur HOFi


Innate Abilities, Weirdness & Mutations

You have a pair of small horns on your head.
Your flesh is heat resistant. (rF+)
You are slightly more attuned to the shadows.


Message History

Something tries to affect you, but you resist.
A magic dart appears from out of thin air!
The magic dart hits something.
You bump into the rock wall.
Something hits you but does no damage.
You feel less confused.
You punch something!
Reactivating autopickup.
You feel a bit more experienced.
You hear some strange, mumbled words.
Deactivating autopickup; reactivate with Ctrl-A.
You are confused.
Something hits you.
* * * LOW HITPOINT WARNING * * *
Things that are here:
a dagger; a robe; an orc corpse You bump into the rock wall.
Something hits you.
* * * LOW HITPOINT WARNING * * *
You bump into the rock wall.
Something hits you.
You die... "I guess I need a new plaything now."

....██... .███..█
....█..>. ...█.██
█..█...... ......
█...........███.██
█.................
████.█.........███.██
█.>........... █.█
█.██)██......█ █.█
.█.██@██.█...██████.█
█..................█.██
██..█████..██.████....█
█..█████).██.█ █....█
█......)..██.█ █....█
..██████.██.█ █.....
█.██.██ ███.██ █.█...██
█.█ █>.....██ █.█


There were no monsters in sight!

Vanquished Creatures
  A phantom (D:4)
  2 scorpions
  A crimson imp (D:3)
  A centaur skeleton (D:4)
  2 orc priests (D:3)
  Natasha (twice) (D:2)
  2 orc wizards (D:4)
  A worker ant zombie (D:3)
  6 adders
  An ooze (D:2)
  4 worms (D:2)
  A dart slug (D:2)
  3 leopard geckos
  16 orcs
  4 giant cockroaches
  7 goblins
  10 hobgoblins
  4 jackals (D:2)
  2 quokkas (D:3)
  3 bats
  9 frilled lizards
  7 kobolds
  6 rats
95 creatures vanquished.

Notes
Turn   | Place    | Note
-------+----------+-------------------------------------------
     0 | D:1      | nht the Demonspawn Chaos Knight began the quest for the
                  | Orb.
     0 | D:1      | Reached XP level 1. HP: 18/18 MP: 1/1
    60 | D:1      | Reached skill level 3 in Unarmed Combat
   189 | D:1      | XOM: harmless Fire miscast
   272 | D:1      | XOM: harmless Conj miscast
   284 | D:1      | Gained mutation: Your flesh is heat resistant. (rF+)
                  | [demonic ancestry]
   284 | D:1      | Reached XP level 2. HP: 14/24 MP: 2/2
   318 | D:1      | XOM: smoke on damage
   371 | D:1      | XOM: mild Hex miscast
   455 | D:1      | XOM: silly message
   678 | D:1      | XOM: harmless Necr miscast
   694 | D:1      | You fall through a shaft!
   718 | D:2      | XOM: harmless Pois miscast
   726 | D:2      | Reached XP level 3. HP: 26/29 MP: 3/3
   733 | D:2      | Reached skill level 4 in Unarmed Combat
   761 | D:2      | XOM: harmless Air miscast
   849 | D:2      | Reached XP level 4. HP: 15/35 MP: 4/4
   887 | D:2      | Noticed Natasha
  1079 | D:2      | Killed Natasha
  1130 | D:2      | Reached skill level 5 in Unarmed Combat
  1162 | D:2      | Noticed Natasha
  1164 | D:2      | Noticed Natasha
  1164 | D:2      | Natasha changed into Natasha the scorpion
  1164 | D:2      | XOM: polymorph Natasha -> Natasha the scorpion
  1176 | D:2      | Killed Natasha the scorpion
  1176 | D:2      | Gained mutation: You have a pair of small horns on your
                  | head. [demonic ancestry]
  1176 | D:2      | Reached XP level 5. HP: 7/41 MP: 5/5
  1189 | D:2      | XOM: harmless Fire miscast
  1637 | D:2      | Noticed Natasha
  1647 | D:2      | Killed Natasha
  1682 | D:2      | XOM: medium Hex miscast
  1868 | D:3      | XOM: smoke on damage
  1899 | D:3      | XOM: 1-stop teleportation journey
  1932 | D:3      | XOM: confuse monster(s)
  1959 | D:3      | Reached skill level 6 in Unarmed Combat
  1962 | D:3      | XOM: polymorph orc -> frilled lizard
  2031 | D:3      | XOM: smoke on damage
  2054 | D:3      | Gained mutation: You are slightly more attuned to the
                  | shadows. [demonic ancestry]
  2054 | D:3      | Reached XP level 6. HP: 31/47 MP: 6/6
  2092 | D:3      | XOM: divination: detect creatures
  2094 | D:3      | XOM: harmless Tmut miscast
  2503 | D:3      | XOM: harmless Necr miscast
  2616 | D:4      | Noticed biddum's ghost (amateur HOFi)
  2621 | D:4      | Reached skill level 7 in Unarmed Combat
  2819 | D:4      | XOM: 1-stop teleportation journey
  2826 | D:4      | XOM: mild Ice miscast
  2865 | D:4      | XOM: enchant monster (bad)
  2891 | D:4      | HP: 2/47 [something/magic dart (8)]
  2897 | D:4      | Reached XP level 7. HP: 5/52 MP: 7/7
  2906 | D:4      | Slain by an orc wizard

Vault maps used:
D:1:      eino_arrival_water_star
D:2:      uniq_natasha
D:4:      biasface_ghost_orc_armoury, minmay_misc_feat_roman,
          minmay_misc_feat_cross, kennysheep_flooded_box

Skill      XL: |  1  2  3  4  5  6 |
---------------+-------------------+-----
Unarmed Combat | 3 4 5 6 7 |  7.5
Fighting       | |  3.0
Armour         | |  1.7
Dodging        | |  0.8

Action                   |  1- 3 |  4- 6 |  7- 9 || total
-------------------------+-------+-------+-------++-------
Melee: Unarmed           |   164 |   296 |     4 ||   464
       Punch             |     1 |    10 |       ||    11
       Headbutt          |       |    32 |     1 ||    33
  Use: Potion            |     2 |     5 |       ||     7
       Scroll            |       |     3 |       ||     3
 Stab: Sleeping          |       |     2 |       ||     2
  Eat: Chunk             |       |     7 |       ||     7
Armor: Leather armour    |    48 |    63 |     1 ||   112
       Skin              |    12 |     5 |       ||    17
Dodge: Dodged            |   103 |   123 |       ||   226

Table legend:
 A = Non-vault XP
 B = Vault XP
 C = Vault XP percentage of total XP
 D = Non-vault monster count
 E = Vault monster count
 F = Vault count percentage of total count
                 A         B        C        D         E       F
            +---------+---------+-------+---------+---------+-------
      Total |     791 |      35 |   4.2 |      94 |       1 |   1.1
            +---------+---------+-------+---------+---------+-------
        D:1 |      33 |       0 |   0.0 |      20 |       0 |   0.0
        D:2 |     218 |      35 |  13.8 |      29 |       1 |   3.3
        D:3 |     297 |       0 |   0.0 |      36 |       0 |   0.0
        D:4 |     243 |       0 |   0.0 |       9 |       0 |   0.0
            +---------+---------+-------+---------+---------+-------
